 Dungeon Crawl Stone Soup version 0.29-a0-352-g0917bc69df (webtiles) character file.

Game seed: 13009270666812801268

8705 sokol815 the Cleaver (level 11, -6/50 HPs)
             Began as a Vine Stalker Gladiator on Apr 24, 2022.
             Was an Initiate of Gozag.
             Mangled by a skeletal warrior
             ... wielding a +0 dire flail
             ... led by a skeletal warrior
              (16 damage)
             ... on level 10 of the Dungeon.
             The game lasted 00:16:35 (9538 turns).

sokol815 the Cleaver (Vine Stalker Gladiator)       Turns: 9538, Time: 00:16:36

Health: -6/50      AC: 13    Str: 18    XL:     11   Next: 35%
Magic:  0/18       EV: 13    Int: 12    God:    Gozag
Gold:   1183       SH: 10    Dex: 19    Spells: 18/18 levels left

rFire   . . .      SeeInvis +   a - +9 flail of Anxiety {flame, *Corrode rC+ Int+4}
rCold   + . .      Faith    .   k - +0 kite shield
rNeg    + . .      Spirit   +   T - +1 scale mail {rN+}
rPois   .          Reflect  .   S - +1 helmet {SInv}
rElec   .          Harm     .   b - +2 cloak
rCorr   +          Rampage  .   t - +0 pair of gloves
Will    +....                   (no boots)
Stlth   ..........              (no amulet)
HPRegen 0.96/turn               X - ring of resist corrosion
MPRegen 0.16/turn               E - +4 ring of evasion

@: marked
A: fangs 3, regeneration 1, magic shield, antimagic bite, no potion heal 2
a: Renounce Religion, Potion Petition, Call Merchant, Bribe Branch


You were on level 10 of the Dungeon.
You worshipped Gozag.
Gozag was most pleased with you.
You visited 2 branches of the dungeon, and saw 12 of its levels.

You collected 1440 gold pieces.
You spent 184 gold pieces at shops.
You paid 73 gold pieces to Gozag.

Inventory:

Hand Weapons
 a - the +9 flail of Anxiety (weapon) {flame, *Corrode rC+ Int+4}
   (You found it on level 8 of the Dungeon)

   It burns those it strikes, dealing additional fire damage.
   Int:       It affects your intelligence (+4).
   rC:        It protects you from cold.
   *Corrode:  It may corrode you when you take damage.
 c - a +1 war axe
 v - a +1 whip of electrocution
   (You took it off Pikel on level 6 of the Dungeon)
 x - a +1 dagger of venom
   (You took it off a kobold on level 4 of the Dungeon)
 z - a +4 long sword of freezing
   (You took it off a wight on level 6 of the Dungeon)
 A - a +5 great sword
   (You took it off a wight on level 6 of the Dungeon)
 F - a +4 flail of freezing
   (You took it off a wight on level 6 of the Dungeon)
 O - a +1 trident of freezing
   (You found it on level 9 of the Dungeon)
 Q - a +1 dagger of electrocution
   (You took it off a kobold on level 6 of the Dungeon)
Missiles
 d - 6 throwing nets {!d}
 e - 6 javelins
 i - 47 poisoned darts
 o - 6 datura-tipped darts
 r - 12 boomerangs
 s - 392 stones
 y - 2 curare-tipped darts
Armour
 b - a +2 cloak (worn)
   (You found it on level 7 of the Dungeon)
 k - a +0 kite shield (worn)
   (You took it off an orc on level 4 of the Dungeon)
 t - a +0 pair of gloves (worn)
   (You found it on level 2 of the Dungeon)
 R - a +1 leather armour of fire resistance
   (You took it off a gnoll shaman on level 9 of the Dungeon)
 S - a +1 helmet of see invisible (worn)
   (You bought it in a shop on level 7 of the Dungeon)
 T - a +1 scale mail of positive energy (worn)
   (You found it on level 10 of the Dungeon)
Magical Staves
 l - a staff of poison {rPois}
   (You found it on level 8 of the Dungeon)
 m - a staff of death {rN+}
   (You found it on level 10 of the Dungeon)
Jewellery
 f - a ring of positive energy {rN+}
   (You found it on level 9 of the Dungeon)
 g - a ring of flight {+Fly, !d}
   (You found it on level 10 of the Dungeon)
 C - a ring of protection from cold {rC+, !d}
   (You found it on level 5 of the Dungeon)
 E - a +4 ring of evasion (right hand)
   (You found it on level 3 of the Dungeon)
 N - a ring of positive energy {rN+}
   (You found it on level 1 of the Dungeon)
 X - a ring of resist corrosion (left hand)
   (You found it on level 3 of the Dungeon)
Wands
 h - a wand of acid (3)
   (You found it on level 9 of the Dungeon)
 p - a wand of paralysis (10)
   (You found it on level 6 of the Dungeon)
 q - a wand of flame (17)
   (You found it on level 5 of the Dungeon)
Scrolls
 u - 2 scrolls of enchant weapon
 D - 2 scrolls of blinking {!r}
 K - a scroll of immolation {!r}
 M - 3 scrolls of amnesia
 V - a scroll of vulnerability {!r!r}
 Y - 7 scrolls of teleportation {@r3}
Potions
 j - a potion of attraction {!q}
 n - a potion of resistance {unknown}
 w - a potion of might {unknown}
 B - 5 potions of brilliance
 G - 2 potions of ambrosia {!q}
 H - a potion of haste
 I - 3 potions of invisibility
 J - 6 potions of curing {@q1}
 L - a potion of flight
 P - a potion of lignification {!q}
 U - 4 potions of mutation {!q}


   Skills:
 - Level 1.7 Fighting
 - Level 11.0(12.7) Axes
 + Level 10.4(12.4) Maces & Flails
 - Level 1.7 Throwing
 - Level 2.4 Dodging
 - Level 4.0 Shields
 - Level 4.0 Spellcasting


You had 18 spell levels left.
You didn't know any spells.
Your spell library contained the following spells:

 Spells                   Type           Power      Damage    Failure   Level
 Shock                    Conj/Air       8%         1d3       92%         1
 Sting                    Tmut/Pois      8%         1d3       92%         1
 Sublimation of Blood     Necr           2%         N/A       98%         2
 Wereblood                Tmut           2%         N/A       98%         2
 Swiftness                Air            2%         N/A       100%        3
 Airstrike                Air            1%         N/A       100%        4
 Summon Hydra             Summ           1%         N/A       100%        7


Dungeon Overview and Level Annotations

Branches:
Dungeon (11/15)            Temple (1/1) D:5
   Lair: D:8-11         Orc: D:9-12

Altars:
Ashenzari
Cheibriados
Dithmenos
Elyvilon
Fedhas
Gozag
Hepliaklqana
Kikubaaqudgha
Makhleb
Nemelex Xobeh
Okawaru
Qazlal
Ru
Sif Muna
Trog
Uskayaw
Vehumet
Wu Jian
Xom
Yredelemnul
Zin
The Shining One

Shops:
D:7 [

Annotations:
D:6 2 transporters, BeAPotato's ghost, novice OgTm


Innate Abilities, Weirdness & Mutations

You have razor-sharp teeth.
Your natural rate of healing is unusually fast.
When hurt, damage is shared between your health and your magic reserves.
Your bite disrupts and absorbs the magic of your enemies.
Potions cannot restore your health.


Message History

Moving in this stuff is going to be slow.
You now have 1162 gold pieces (gained 4).
You see here a +2 spear of chaos.
You now have 1171 gold pieces (gained 9).
You see here a +1 dagger of chaos.
m - a staff of death {rN+}
There is an open door here.
There is an open door here.
Done exploring.
Done exploring.
(D) Dungeon (T) Temple
Where to? (Enter - D:10 @ (x,y), ? - help)
You see here a scroll of noise {!r}.
There is a stone staircase leading up here.
There is a stone staircase leading down here.
You climb downwards.
A sourceless malevolence fills the Dungeon...
With a horrendous wail, an alarm goes off!
A sentinel's mark forms upon you.
The deep elf pyromancer shouts!
You hear a shout! x5
There is a stone staircase leading up here.
The deep elf pyromancer hits you with a +0 long sword.
You take 1 damage, and have 49/50 hp.
You sock the deep elf pyromancer! You burn the deep elf pyromancer.
The deep elf pyromancer hits you with a +0 long sword.
Health restored: 50 You now have 17/18 mp.
You sock the deep elf pyromancer! You burn the deep elf pyromancer.
Your bite misses the deep elf pyromancer.
The deep elf pyromancer hits you but does no damage.
You closely miss the deep elf pyromancer.
You hit the deep elf pyromancer. You burn the deep elf pyromancer.
Your bite misses the deep elf pyromancer.
The deep elf pyromancer hits you with a +0 long sword.
You take 3 damage, and have 47/50 hp.
You now have 16/18 mp.
You barely miss the deep elf pyromancer.
You bite the deep elf pyromancer, but do no damage.
A wraith comes into view.
The deep elf pyromancer hits you but does no damage.
You closely miss the deep elf pyromancer.
You bite the deep elf pyromancer!
The deep elf pyromancer's magic leaks into the air.
You drain its magic.
You feel invigorated.
You block the deep elf pyromancer's attack.
MP restored: 18 You barely miss the deep elf pyromancer.
You bite the deep elf pyromancer.
You kill the deep elf pyromancer!
Health restored: 50 You sock the wraith!
You burn the wraith. You bite the wraith, but do no damage.
The wraith hits you but does no damage.
You sock the wraith! You burn the wraith.
You destroy the wraith!
No target in view!
No target in view!
You now have 1177 gold pieces (gained 6).
You now have 1183 gold pieces (gained 6).
Things that are here:
a +0 long sword; a +0 ring mail
Y - 7 scrolls of teleportation {@r3} (gained 1)
A skeletal warrior comes into view. It is wielding a +0 dire flail.
A skeletal warrior comes into view. It is wielding a +2 vorpal battleaxe.
Things that are here:
a +0 long sword; a +0 ring mail A skeletal warrior comes into view.
It is wielding a +0 glaive.
A skeletal warrior comes into view. It is wielding a +0 flail.
A skeletal warrior comes into view. It is wielding a +0 glaive.
The skeletal warrior attacks as you move away!
You block the skeletal warrior's attack.
There is a stone staircase leading up here.
You block the skeletal warrior's attack.
You climb upwards.
There is a stone staircase leading down here.
You sock the skeletal warrior! You burn the skeletal warrior.
Your bite misses the skeletal warrior.
The skeletal warrior hits you with a +0 dire flail!!
You take 18 damage, and have 32/50 hp.
MASSIVE DAMAGE!!
You now have 12/18 mp.
You hit the skeletal warrior but do no damage.
You bite the skeletal warrior, but do no damage.
The skeletal warrior barely misses you.
You sock the skeletal warrior! You burn the skeletal warrior.
You bite the skeletal warrior. You drain its power.
You feel invigorated.
The skeletal warrior hits you with a +0 dire flail!!
You take 13 damage, and have 20/50 hp.
MASSIVE DAMAGE!!
You now have 8/18 mp.
You hit the skeletal warrior. You burn the skeletal warrior.
You bite the skeletal warrior, but do no damage.
The skeletal warrior hits you with a +0 dire flail!
* * * LOW HITPOINT WARNING * * *
You take 11 damage, and have 9/50 hp.
MASSIVE DAMAGE!!
You now have 3/18 mp.
You hit the skeletal warrior. You burn the skeletal warrior.
You bite the skeletal warrior. You drain its power.
You feel invigorated.
The skeletal warrior hits you with a +0 dire flail!!
You die...
Your body crumbles into a pile of gold.

#..#####....'......##≈.#.##
#..# #....#......#.#.#..)
#..# #....#......##......
#.?# #....#......#^#..#≈.
#..#####..###......#⌠≈..#≈≈
#..<..[...#........##.#.≈.#
#.........#########.##.≈.≈#
#.........z.......#.###.≈.#
#.........@.......#.#.#####
#.....######'#....#.#.#....
#....)#......#....###.#....
#.....#......#........#....
#.....'......#........#....
#.....#......###......#....
#.....#..<.....#......#....
#.....##########......#####
#..........................


You could see a skeletal warrior.

Vanquished Creatures
  A centaur warrior (D:10)
  2 two-headed ogres
  Pikel (D:6)
  A deep elf pyromancer (D:11)
  An unseen horror (D:10)
  A troll (D:10)
  A slime creature (D:10)
  5 yaks (D:10)
  A wyvern (D:6)
  A wraith (D:11)
  3 steam dragons
  2 water moccasins (D:5)
  A sky beast (D:7)
  3 black bears
  3 orc warriors
  2 ice beasts (D:8)
  2 ogres
  A centaur (D:10)
  3 phantoms
  5 kobold brigands
  4 lemures (D:6)
  3 scorpions
  3 bullfrogs
  11 wights
  6 killer bees
  7 electric eels
  4 howler monkeys
  3 hounds (D:5)
  An orc priest (D:8)
  A gnoll shaman (D:9)
  3 iguanas
  7 orc wizards
  3 adders
  10 gnolls
  A shadow imp (D:7)
  An ufetubus (D:7)
  2 worms
  3 dart slugs
  20 orcs
  4 ball pythons
  4 endoplasms
  6 goblins
  5 hobgoblins
  4 quokkas
  2 bats
  3 frilled lizards
  28 kobolds
  6 rats
195 creatures vanquished.

Vanquished Creatures (others)
  5 plants (D:10)
5 creatures vanquished.

Grand Total: 200 creatures vanquished

Notes
Turn   | Place    | Note
-------+----------+-------------------------------------------
     0 | D:1      | sokol815 the Vine Stalker Gladiator began the quest for the
                  | Orb.
     0 | D:1      | Reached XP level 1. HP: 11/11 MP: 2/2
   251 | D:1      | Reached skill level 3 in Axes
   421 | D:1      | Reached XP level 2. HP: 15/15 MP: 3/3
   792 | D:1      | Reached skill level 1 in Spellcasting
  1128 | D:2      | HP: 2/15 [worm (8)]
  1396 | D:2      | Reached XP level 3. HP: 9/18 MP: 3/6
  1945 | D:2      | Found a faded altar of an unknown god.
  1949 | D:2      | Got Plato's Papyrus of Intoxication
  2177 | D:3      | Reached skill level 2 in Spellcasting
  2465 | D:3      | Found a broken altar of Ashenzari.
  2476 | D:3      | Found a blossoming altar of Fedhas.
  2739 | D:4      | Gained mutation: Your natural rate of healing is unusually
                  | fast. [Vine Stalker growth]
  2739 | D:4      | Reached XP level 4. HP: 23/23 MP: 8/8
  2854 | D:4      | Reached skill level 3 in Spellcasting
  2859 | D:4      | Reached XP level 5. HP: 17/26 MP: 4/10
  2984 | D:4      | Noticed a phantom
  3003 | D:4      | Killed a phantom
  3004 | D:4      | Reached skill level 4 in Axes
  3004 | D:4      | Reached skill level 4 in Spellcasting
  3056 | D:4      | Reached XP level 6. HP: 19/30 MP: 8/13
  3065 | D:4      | HP: 6/30 [orc/+0 trident (2)]
  3547 | D:4      | Noticed a black bear
  3553 | D:4      | Killed a black bear
  3554 | D:4      | Reached skill level 1 in Shields
  3901 | D:5      | Entered Level 5 of the Dungeon
  3947 | D:5      | Reached skill level 5 in Axes
  3947 | D:5      | Reached skill level 2 in Shields
  3999 | D:5      | Found a staircase to the Ecumenical Temple.
  4007 | Temple   | Entered the Ecumenical Temple
  4039 | Temple   | Became a worshipper of Gozag Ym Sagoz the Greedy
  4094 | D:5      | Reached XP level 7. HP: 34/34 MP: 14/14
  4423 | D:5      | Reached skill level 3 in Shields
  4539 | D:5      | Reached skill level 6 in Axes
  4586 | D:5      | Gained mutation: You have razor-sharp teeth. [Vine Stalker
                  | growth]
  4586 | D:5      | Reached XP level 8. HP: 38/38 MP: 13/15
  4874 | D:5      | Reached skill level 4 in Shields
  4965 | D:6      | Reached skill level 7 in Axes
  5129 | D:6      | Found a transporter.
  5137 | D:6      | Found a transporter.
  5143 | D:6      | Noticed a wyvern
  5149 | D:6      | Killed a wyvern
  5150 | D:6      | Noticed BeAPotato's ghost (novice OgTm)
  5184 | D:6      | Noticed Pikel
  5194 | D:6      | Killed Pikel
  5195 | D:6      | Reached skill level 9 in Axes
  5195 | D:6      | Reached XP level 9. HP: 35/42 MP: 16/16
  5410 | D:6      | HP: 10/42 [poisoned by an orc wizard]
  5414 | D:6      | HP: 4/42 [poisoned by an orc wizard]
  5419 | D:6      | HP: 3/42 [poisoned by an orc wizard]
  5554 | D:6      | Found a shimmering blue altar of Sif Muna.
  5554 | D:6      | Found an ornate altar of the Wu Jian Council.
  5660 | D:7      | Found Kievuh's Armour Boutique.
  5670 | D:7      | Bought a +0 helmet of see invisible for 184 gold pieces
  5772 | D:7      | Reached skill level 10 in Axes
  5992 | D:7      | Found a sparkling altar of Nemelex Xobeh.
  6190 | D:7      | Found a hazy altar of Hepliaklqana.
  6208 | D:7      | Found a shadowy altar of Dithmenos.
  6517 | D:8      | Reached skill level 11 in Axes
  6651 | D:8      | Identified the +9 flail of Anxiety {flame, *Corrode rC+
                  | Int+4}
  6697 | D:8      | Reached skill level 1 in Maces & Flails
  6779 | D:8      | Reached skill level 2 in Maces & Flails
  6784 | D:8      | Reached skill level 3 in Maces & Flails
  6784 | D:8      | Reached XP level 10. HP: 20/46 MP: 8/17
  6985 | D:8      | Reached skill level 4 in Maces & Flails
  7647 | D:9      | Reached skill level 5 in Maces & Flails
  7895 | D:9      | Noticed a two-headed ogre
  7902 | D:9      | Killed a two-headed ogre
  7903 | D:9      | Reached skill level 6 in Maces & Flails
  8258 | D:9      | Found a hide-covered altar of Uskayaw.
  8258 | D:9      | Found a bloodstained altar of Trog.
  8415 | D:10     | Entered Level 10 of the Dungeon
  8419 | D:10     | Noticed a centaur warrior
  8426 | D:10     | Killed a centaur warrior
  8427 | D:10     | Reached skill level 7 in Maces & Flails
  8563 | D:10     | Reached skill level 8 in Maces & Flails
  8693 | D:10     | Noticed an unseen horror
  8703 | D:10     | Killed an unseen horror
  8704 | D:10     | Reached skill level 9 in Maces & Flails
  8704 | D:10     | Reached XP level 11. HP: 50/50 MP: 18/18
  8781 | D:10     | Noticed a two-headed ogre
  8789 | D:10     | Killed a two-headed ogre
  8895 | D:10     | Reached skill level 10 in Maces & Flails
  9424 | D:10     | Found a shimmering altar of Xom.
  9503 | D:11     | Noticed a deep elf pyromancer
  9511 | D:11     | Killed a deep elf pyromancer
  9527 | D:11     | Noticed a skeletal warrior
  9528 | D:11     | Noticed a skeletal warrior
  9529 | D:11     | Noticed a skeletal warrior
  9530 | D:11     | Noticed a skeletal warrior
  9530 | D:11     | Noticed a skeletal warrior
  9537 | D:10     | HP: 9/50 [skeletal warrior/+0 dire flail[a skeletal
                  | warrior] (12)]
  9538 | D:10     | Mangled by a skeletal warrior

Illustrated notes

Levels and vault maps discovered:
D:1:      scummos_arrival_forest, layout_basic
D:2:      layout_rooms, shapermc_ecumenical_altar_rom_forum
D:3:      layout_basic, nicolae_overflow_squiral
D:4:      layout_basic
D:5:      layout_gridville, minmay_temple_entry_glassed_door,
          minmay_misc_feat_diagonals
D:6:      layout_loops_ring, chequers_temple_overflow_statue_of_worship,
          serial_glass, glass_columns_a, glass_columns_a,
          gammafunk_ghost_stat_death, uniq_pikel
D:7:      layout_loops_ring, riverfiend_overflow_shadow_ancestor,
          nemelex_spade_bored_becter, serial_shops, nicolae_lakefront_shop
D:8:      layout_loops_corners, corner_web_ring, lightli_minifort
D:9:      layout_stronghold, gammafunk_temple_overflow_elements, chequers_garden
D:10:     cheibrodos_two_vegetables, layout_irregular_city, tgw_xom
D:11:     layout_basic, lair_entry_dummy
Temple:   minmay_temple_bridge_abc

Skill      XL: |  1  2  3  4  5  6  7  8  9 10 11 |
---------------+----------------------------------+-----
Axes           | 3 4 5 6 9 11 | 11.0
Spellcasting   | 1 2 3 4 |  4.0
Shields        | 2 3 4 |  4.0
Maces & Flails | 3 9 10 | 10.4
Fighting       | |  1.7
Throwing       | |  1.7
Dodging        | |  2.4

Action                   |  1- 3 |  4- 6 |  7- 9 | 10-12 || total
-------------------------+-------+-------+-------+-------++-------
Melee: War axe           |   113 |    89 |    55 |       ||   257
       Bite              |    21 |    20 |    68 |    48 ||   157
       Flail             |       |       |   162 |   146 ||   308
Throw: Javelin           |     1 |       |       |       ||     1
Evoke: Wand              |       |       |       |    12 ||    12
  Use: Scroll            |     8 |     1 |     8 |     5 ||    22
       Potion            |       |       |     1 |       ||     1
Armor: Leather armour    |    21 |       |       |       ||    21
       Chain mail        |    40 |     1 |       |       ||    41
       Plate armour      |       |    59 |   108 |    40 ||   207
       Scale mail        |       |       |       |    14 ||    14
Dodge: Dodged            |    58 |    41 |    55 |    45 ||   199
Block: Kite shield       |       |    17 |   102 |    66 ||   185

Table legend: (Time is in decaauts)
 A = Elapsed time spent in this place.
 B = Non-inter-level travel time spent in this place.
 C = Inter-level travel time spent in this place.
 D = Time resting spent in this place.
 E = Time spent auto-exploring this place.
 F = Levels seen in this place.
 G = Mean time per level.
                   A        B        C        D        E       F      G
               +--------+--------+--------+--------+--------+-----+--------+
         Total |   9692 |   9395 |    297 |    525 |   7256 |  12 |  807.7 |
       Dungeon |   9636 |   9362 |    274 |    525 |   7235 |  11 |  876.0 |
        Temple |     55 |     32 |     23 |      0 |     21 |   1 |   55.0 |
               +--------+--------+--------+--------+--------+-----+--------+

Top non-repeatable levels by time:
     D:1: 1369 daAuts
     D:8: 1258 daAuts
     D:4: 1199 daAuts
    D:10: 1066 daAuts
     D:5: 1038 daAuts
     D:9: 912 daAuts
     D:3: 714 daAuts
     D:7: 685 daAuts
     D:6: 685 daAuts
     D:2: 677 daAuts
  Temple: 55 daAuts
    D:11: 29 daAuts

Table legend:
 A = Kills in this place as a percentage of kills in entire the game.
 B = Kills by you in this place as a percentage of kills by you in the entire game.
 C = Kills by friends in this place as a percentage of kills by friends in the entire game.
 D = Other kills in this place as a percentage of other kills in the entire game.
 E = Experience gained in this place as a percentage of experience gained in the entire game.
 F = Experience gained in this place divided by the number of levels of this place that you have seen.
                   A       B       C       D       E      F
               +-------+-------+-------+-------+-------+----------------------
         Total | 100.0 | 100.0 |   N/A |   N/A | 100.0 | 1036.3
       Dungeon | 100.0 | 100.0 |   N/A |   N/A | 100.0 | 1130.5
               +-------+-------+-------+-------+-------+----------------------
